 Dungeon Sprint DCSS version 0.17-a0-1838-g891d947 (webtiles) character file.

10200000 nuthulu the Conqueror (level 27, -209/273 HPs)
             Began as a Ghoul Monk on Sept 15, 2015.
             Was the Champion of Makhleb.
             Annihilated by The Defiler
             ... wielding a +9 demon whip of slashing
              (243 damage)
             ... in the Dungeon (Sprint VIII: "Arena of Blood").
             The game lasted 00:03:27 (102 turns).

nuthulu the Conqueror (Ghoul Monk)                   Turns: 102, Time: 00:03:28

Health: -209/273   AC:  4    Str: 21    XL:     27
Magic:  36/53      EV: 34    Int:  5    God:    Makhleb [******]
Gold:   0          SH:  0    Dex: 18    Spells: 0 memorised, 80 levels left

rFire  . . .     SeeInvis .     i - +∞ Axe of Woe
rCold  + . .     Clarity  .     a - +0 robe
rNeg   + + +     SustAt   .     (no shield)
rPois  ∞         Gourm    .     (no helmet)
rElec  .         Spirit   .     (no cloak)
rCorr  .         Warding  .     (no gloves)
rMut   .         NoTele   +     (no boots)
MR     ++...                    (no amulet)
Stlth  +++++++++.               (no ring)
                                (no ring)

@: rotting, very resistant to hostile enchantments, incredibly stealthy
A: rotting body, claws 1, carnivore 3, cold resistance 1, negative energy
resistance 3, slow healing 1, torment resistance, unbreathing
a: Minor Destruction, Lesser Servant of Makhleb, Major Destruction, Greater
Servant of Makhleb, Renounce Religion


You were in the Dungeon.
You worshipped Makhleb.
Makhleb was exalted by your worship.
You were not hungry.

You visited 1 branch

Inventory:

Hand weapons
 i - the +∞ Axe of Woe (weapon)
   (You found it in the Dungeon)
Armour
 a - a +0 robe (worn)
Scrolls
 h - a scroll of blinking
Potions
 c - a potion of curing
 d - a potion of heal wounds
 e - a potion of haste
 f - 2 potions of magic
 g - a potion of berserk rage
Comestibles
 b - a meat ration


   Skills:
 O Level 27 Fighting
 O Level 27 Axes
 O Level 27 Throwing
 O Level 27 Armour
 O Level 27 Dodging
 O Level 27 Stealth
 O Level 27 Unarmed Combat
 O Level 27 Spellcasting
 O Level 27 Invocations


You had 80 spell levels left.
You didn't know any spells.

Dungeon Overview and Level Annotations

Branches:
Dungeon (1/1)

Altars:
Makhleb

Annotations:
D The Defiler


Innate Abilities, Weirdness & Mutations

Your body is rotting away.
You thrive on raw meat.
You are immune to poison.
You have sharp fingernails.
You are carnivorous and can eat meat at any time.
Your flesh is cold resistant.
You are immune to negative energy.
You heal slowly when monsters are visible.
You are immune to unholy pain and torment.
You can survive without breathing.


Message History

You dice the meat berserker like an onion!!!
You slaughter the meat berserker joyfully.
You kill the meat berserker!
Makhleb accepts your kill.
You feel better.
You hear a shout!
The meat berserker rages.
You hear a shout! x3
The Defiler throws fire at you.
The fireball explodes!
The fireball engulfs you!
You hear a shout! x2
An ogre, a hill giant and a wraith come into view.
A large bag of meat comes into view. It is wielding a +9 giant spiked club.
The meat berserker rages.
You hear a shout! x7
The meat berserker hits you with a +9 battleaxe!!!
* * * LOW HITPOINT WARNING * * *
The Defiler hits you with a +9 demon whip of slashing!!!!!
Ouch! That really hurt!
You die...

.... .. ... ..
#.. .# . #.. ..#
..###.. ..###.
CW.....###......
.....O.)_)......
....#.@O).#....
. #_.@._# O
#.....#
....._.....
......###o.....
.###.. ..###.
#.. %C# #.. ..#
.. ..


You could see 2 large bags of meat, The Defiler, a dread, 2 meat berserkers and
a bag of meat.

Vanquished Creatures
  4 hell beasts (D)
  A greater mummy (D)
  27 orcs (D)
  A phantom (D)
  A hill giant (D)
  3 skeletal warriors (D)
  A wraith (D)
  4 large abominations (D)
  A small abomination (D)
  6 crawling corpses (D)
  7 vampire knights (D)
  22 ogres (D)
  5 liches (D)
83 creatures vanquished.

Notes
Turn   | Place    | Note
--------------------------------------------------------------
     0 | D        | nuthulu the Ghoul Monk began the quest for the Orb.
     0 | D        | Reached XP level 1. HP: 19/19 MP: 0/0
     4 | D        | Became a worshipper of Makhleb the Destroyer
     4 | D        | Acquired Makhleb's first power
     4 | D        | Acquired Makhleb's second power
     5 | D        | Noticed a bag of meat
     9 | D        | Noticed a bag of meat
    10 | D        | Noticed a meat berserker
    10 | D        | Killed a bag of meat
    10 | D        | Reached skill level 15 in Fighting
    10 | D        | Reached XP level 2. HP: 22/49 MP: 1/1
    10 | D        | Reached XP level 3. HP: 25/56 MP: 2/2
    10 | D        | Reached XP level 4. HP: 28/63 MP: 3/3
    10 | D        | Reached XP level 5. HP: 31/70 MP: 4/4
    10 | D        | Reached XP level 6. HP: 34/78 MP: 5/5
    10 | D        | Reached XP level 7. HP: 36/84 MP: 6/6
    10 | D        | Reached XP level 8. HP: 39/93 MP: 7/7
    10 | D        | Reached XP level 9. HP: 41/100 MP: 8/8
    10 | D        | Reached XP level 10. HP: 43/107 MP: 9/9
    10 | D        | Reached XP level 11. HP: 45/114 MP: 10/10
    10 | D        | Reached XP level 12. HP: 48/122 MP: 11/11
    12 | D        | Killed a meat berserker
    12 | D        | Reached skill level 19 in Fighting
    12 | D        | Reached XP level 13. HP: 128/139 MP: 12/12
    12 | D        | Reached XP level 14. HP: 135/147 MP: 13/13
    14 | D        | Noticed a bag of meat
    14 | D        | Killed a bag of meat
    14 | D        | Acquired Makhleb's third power
    14 | D        | Reached skill level 20 in Fighting
    16 | D        | Noticed a meat berserker
    16 | D        | Killed a bag of meat
    16 | D        | Reached skill level 21 in Fighting
    16 | D        | Reached XP level 15. HP: 156/160 MP: 14/14
    19 | D        | Noticed a bag of meat
    19 | D        | Noticed a meat berserker
    20 | D        | Noticed a bag of meat
    20 | D        | Noticed a bag of meat
    20 | D        | Killed a meat berserker
    20 | D        | Acquired Makhleb's fourth power
    20 | D        | Reached skill level 23 in Fighting
    20 | D        | Reached XP level 16. HP: 166/173 MP: 15/15
    21 | D        | Noticed a meat berserker
    21 | D        | Noticed a bag of meat
    22 | D        | Noticed a meat berserker
    22 | D        | Noticed a bag of meat
    23 | D        | Killed a meat berserker
    23 | D        | Reached skill level 25 in Fighting
    24 | D        | Noticed a meat berserker
    25 | D        | Noticed a meat berserker
    25 | D        | Noticed a destroyer
    26 | D        | Killed a meat berserker
    26 | D        | Reached skill level 26 in Fighting
    26 | D        | Reached XP level 17. HP: 185/190 MP: 16/16
    26 | D        | Killed a meat berserker
    26 | D        | Acquired Makhleb's fifth power
    26 | D        | Reached skill level 27 in Fighting
    26 | D        | Reached XP level 18. HP: 198/200 MP: 17/17
    26 | D        | Killed a meat berserker
    26 | D        | Killed a bag of meat
    27 | D        | Noticed a meat berserker
    27 | D        | Killed a bag of meat
    27 | D        | Reached skill level 27 in Axes
    27 | D        | Reached skill level 27 in Armour
    27 | D        | Reached skill level 27 in Dodging
    27 | D        | Reached skill level 5 in Throwing
    27 | D        | Reached XP level 19. HP: 207/207 MP: 17/25
    28 | D        | Noticed a destroyer
    29 | D        | Noticed a bag of meat
    29 | D        | Killed a bag of meat
    29 | D        | Reached skill level 10 in Stealth
    29 | D        | Reached skill level 10 in Unarmed Combat
    29 | D        | Killed a bag of meat
    29 | D        | Reached skill level 10 in Throwing
    30 | D        | Noticed a meat berserker
    30 | D        | Noticed a destroyer
    30 | D        | Killed a destroyer
    30 | D        | Reached XP level 20. HP: 216/216 MP: 17/35
    32 | D        | Noticed a meat berserker
    32 | D        | Killed a destroyer
    32 | D        | Reached skill level 15 in Spellcasting
    32 | D        | Killed a meat berserker
    32 | D        | Reached XP level 21. HP: 224/224 MP: 17/40
    32 | D        | Killed a meat berserker
    34 | D        | Killed a bag of meat
    36 | D        | Noticed a meat berserker
    36 | D        | Killed a meat berserker
    36 | D        | Reached XP level 22. HP: 233/233 MP: 18/44
    36 | D        | Killed a bag of meat
    38 | D        | Noticed a bag of meat
    39 | D        | Noticed a meat berserker
    40 | D        | Killed a meat berserker
    40 | D        | Reached skill level 27 in Stealth
    40 | D        | Killed a meat berserker
    40 | D        | Reached skill level 27 in Unarmed Combat
    40 | D        | Reached skill level 27 in Invocations
    41 | D        | Noticed a bag of meat
    41 | D        | Noticed a bag of meat
    42 | D        | Noticed a bag of meat
    42 | D        | Noticed a destroyer
    43 | D        | Killed a bag of meat
    43 | D        | Reached XP level 23. HP: 240/240 MP: 20/50
    44 | D        | Noticed a large bag of meat
    44 | D        | Noticed a bag of meat
    44 | D        | Killed a bag of meat
    44 | D        | Reached skill level 27 in Throwing
    44 | D        | Killed a bag of meat
    44 | D        | Reached skill level 27 in Spellcasting
    45 | D        | Noticed a tyrant
    46 | D        | Killed a destroyer
    47 | D        | Killed a large bag of meat
    48 | D        | Noticed a bag of meat
    48 | D        | Killed a destroyer
    48 | D        | Reached XP level 24. HP: 249/249 MP: 21/53
    49 | D        | Noticed a meat berserker
    49 | D        | Noticed a sculptor of flesh
    50 | D        | Noticed an accursed
    50 | D        | Noticed a bag of meat
    50 | D        | Noticed a meat berserker
    50 | D        | Killed a tyrant
    51 | D        | Noticed a bag of meat
    52 | D        | Noticed a destroyer
    52 | D        | Noticed a bag of meat
    52 | D        | Killed a meat berserker
    52 | D        | Killed a bag of meat
    52 | D        | Killed a bag of meat
    52 | D        | Reached XP level 25. HP: 257/257 MP: 23/53
    53 | D        | Noticed a bag of meat
    53 | D        | Noticed a destroyer
    54 | D        | Killed a destroyer
    54 | D        | Killed a meat berserker
    55 | D        | Noticed a bag of meat
    55 | D        | Killed a bag of meat
    56 | D        | Noticed a bag of meat
    56 | D        | Killed a bag of meat
    56 | D        | Reached XP level 26. HP: 266/266 MP: 24/53
    57 | D        | Killed an accursed
    57 | D        | Killed a meat berserker
    58 | D        | Killed a bag of meat
    59 | D        | Noticed a tyrant
    59 | D        | Killed a bag of meat
    59 | D        | Reached XP level 27. HP: 273/273 MP: 24/53
    59 | D        | Killed a bag of meat
    59 | D        | Killed a sculptor of flesh
    60 | D        | Killed a destroyer
    60 | D        | Killed a bag of meat
    61 | D        | Noticed a meat beast
    61 | D        | Killed a meat beast
    64 | D        | Killed a bag of meat
    65 | D        | Killed a tyrant
    67 | D        | Noticed a tyrant
    69 | D        | Noticed a meat berserker
    71 | D        | Noticed a bag of meat
    71 | D        | Noticed a meat berserker
    71 | D        | Noticed a sculptor of flesh
    72 | D        | Killed a meat berserker
    73 | D        | Noticed a bag of meat
    73 | D        | Noticed a meat beast
    73 | D        | Killed a meat berserker
    73 | D        | Killed a sculptor of flesh
    74 | D        | Noticed a meat berserker
    74 | D        | Killed a bag of meat
    74 | D        | Noticed a meat beast
    75 | D        | Noticed a bag of meat
    75 | D        | Killed a meat beast
    76 | D        | Killed a meat beast
    76 | D        | Killed a meat berserker
    77 | D        | Noticed a sculptor of flesh
    78 | D        | Noticed a bag of meat
    78 | D        | Killed a bag of meat
    79 | D        | Killed a tyrant
    80 | D        | Killed a bag of meat
    81 | D        | Killed a bag of meat
    82 | D        | Noticed a bag of meat
    83 | D        | Noticed a meat berserker
    85 | D        | Noticed a dread
    85 | D        | Noticed a tyrant
    85 | D        | Killed a bag of meat
    85 | D        | Killed a sculptor of flesh
    87 | D        | Noticed a meat berserker
    87 | D        | Noticed a meat berserker
    88 | D        | Killed a meat berserker
    91 | D        | Killed a meat berserker
    91 | D        | Killed a wretched soul
    92 | D        | Noticed a meat berserker
    93 | D        | Noticed a tyrant
    93 | D        | Killed a meat berserker
    94 | D        | Noticed a meat beast
    95 | D        | Killed a dread
    96 | D        | Noticed a bag of meat
    96 | D        | Killed a tyrant
    96 | D        | Killed a meat berserker
    97 | D        | Noticed a meat berserker
    97 | D        | Noticed a meat berserker
    97 | D        | Killed a tyrant
    98 | D        | Noticed a destroyer
    98 | D        | Killed a meat beast
   100 | D        | Noticed a meat berserker
   100 | D        | Noticed a bag of meat
   100 | D        | Noticed The Defiler
   100 | D        | Killed a bag of meat
   100 | D        | Killed a destroyer
   101 | D        | Killed a meat berserker
   102 | D        | Noticed a meat berserker
   102 | D        | Noticed a large bag of meat
   102 | D        | Noticed a dread
   102 | D        | Noticed a large bag of meat
   102 | D        | Annihilated by The Defiler

Vault maps used:
D:        meatsprint

Action                   |  1- 3 |  4- 6 |  7- 9 | 10-12 | 13-15 | 16-18 | 19-21 | 22-24 | 25-27 || total
-------------------------+-------+-------+-------+-------+-------+-------+-------+-------+-------++-------
Melee: Executioner's axe |     1 |       |       |     1 |     3 |     3 |     5 |     8 |    32 ||    53
